EVO
VANDERBILT UNIVERSITY COMMODORES @ RICE UNIVERSITY OWLS
07/20/2048
 
TOP OF THE 1ST
Southern Maryland Blue Crabs batting - Pitching for Winnipeg Goldeyes : LHP Eduardo Lopez
Pitching: LHP Eduardo Lopez
Batting: RHB Kevin Popowicz 0-0: SINGLE (Groundball, 56D, EV 95.6 MPH)
Batting: RHB Alfredo Reguera 0-0: Ball
1-0: Ball
2-0: Foul Ball, location: 2F
2-1: Ball
3-1: Swinging Strike
3-2: Base on Balls
Kevin Popowicz to second
Batting: RHB Maup Gommers 0-0: Ball
1-0: Called Strike
1-1: Ball
2-1: Swinging Strike
2-2: Foul Ball, location: 2F
2-2: Strikes out swinging
Batting: RHB Jonathan Mendoza 0-0: Ball
1-0: Foul Ball, location: 2F
1-1: Ball
2-1: Grounds into double play, 6-4-3 (Groundball, 6, EV 88.1 MPH)
Top of the 1st over - 0 runs, 1 hit, 0 errors, 1 left on base; Southern Maryland 0 - Winnipeg 0
BOTTOM OF THE 1ST
Winnipeg Goldeyes batting - Pitching for Southern Maryland Blue Crabs : RHP Craig Painter
Pitching: RHP Craig Painter
Batting: RHB Caleb Bockmann 0-0: Foul Ball, location: 2F
0-1: Foul Ball, location: 2F
0-2: Foul Ball, location: 2F
0-2: Foul Ball, location: 2F
0-2: Ball
1-2: Ball
2-2: Hit by Pitch
Batting: LHB Jon Ventura 0-0: Ball
1-0: Foul Ball, location: 2F
1-1: Ball
2-1: Ball
3-1: Base on Balls
Caleb Bockmann to second
Batting: RHB Tim Carter 0-0: Ball
1-0: Foul Ball, location: 2F
1-1: Swinging Strike
1-2: Strikes out swinging
Batting: LHB Marshall Daul 0-0: Ball
1-0: Ball
2-0: Called Strike
2-1: Fly out, F8 (Flyball, 89M, EV 96.9 MPH)
Batting: RHB Sergio Gomez 0-0: Ball
1-0: Swinging Strike
1-1: Foul Ball, location: 2F
1-2: Ball
2-2: Ball
3-2: Base on Balls
Caleb Bockmann to third
Jon Ventura to second
Batting: LHB David Ramos 0-0: Called Strike
0-1: Ball
1-1: Ground out 4-3 (Groundball, 4, EV 101.2 MPH)
Bottom of the 1st over - 0 runs, 0 hits, 0 errors, 3 left on base; Southern Maryland 0 - Winnipeg 0
TOP OF THE 2ND
Southern Maryland Blue Crabs batting - Pitching for Winnipeg Goldeyes : LHP Eduardo Lopez
Batting: LHB Xue-liang Zhou 0-0: Called Strike
0-1: Ball
1-1: Ball
2-1: Ball
3-1: Foul Ball, location: 2F
3-2: Strikes out swinging
Batting: RHB Minoru Matsumoto 0-0: Called Strike
0-1: Ball
1-1: SINGLE (Groundball, 56D, EV 96.9 MPH)
Batting: RHB Ruben Domingues 0-0: Called Strike
0-1: Ball
1-1: SINGLE (Groundball, 6MD, EV 98.1 MPH)
Minoru Matsumoto to second
Runner from 2nd tries for 3rd, SAFE, throw by CF made to third
Batting: RHB Simon Van Steenwyk 0-0: Called Strike
0-1: Ball
1-1: Foul Ball, location: 2F
1-2: Ball
2-2: Strikes out swinging
Batting: RHB Eddie Morin 0-0: Called Strike
0-1: Ball
1-1: Swinging Strike
1-2: Ball
2-2: Strikes out swinging
Top of the 2nd over - 0 runs, 2 hits, 0 errors, 2 left on base; Southern Maryland 0 - Winnipeg 0
BOTTOM OF THE 2ND
Winnipeg Goldeyes batting - Pitching for Southern Maryland Blue Crabs : RHP Craig Painter
Batting: RHB Terry Oetker 0-0: Fly out, F8 (Flyball, 78S, EV 85.0 MPH)
Batting: RHB Nestor Moreno 0-0: Swinging Strike
0-1: Ball
1-1: Ball
2-1: Called Strike
2-2: Strikes out swinging
Batting: RHB Hisao Takei 0-0: Called Strike
0-1: Ball
1-1: Foul Ball, location: 2F
1-2: Strikes out swinging
Bottom of the 2nd over - 0 runs, 0 hits, 0 errors, 0 left on base; Southern Maryland 0 - Winnipeg 0
TOP OF THE 3RD
Southern Maryland Blue Crabs batting - Pitching for Winnipeg Goldeyes : LHP Eduardo Lopez
Batting: RHB Kevin Popowicz 0-0: Swinging Strike
0-1: Swinging Strike
0-2: Strikes out looking
Batting: RHB Alfredo Reguera 0-0: Called Strike
0-1: Foul Ball, location: 2F
0-2: Ball
1-2: Strikes out swinging
Batting: RHB Maup Gommers 0-0: Ball
1-0: Ball
2-0: Called Strike
2-1: Foul Ball, location: 2F
2-2: Fly out, F8 (Line Drive, 8LS, EV 93.1 MPH)
Top of the 3rd over - 0 runs, 0 hits, 0 errors, 0 left on base; Southern Maryland 0 - Winnipeg 0
BOTTOM OF THE 3RD
Winnipeg Goldeyes batting - Pitching for Southern Maryland Blue Crabs : RHP Craig Painter
Batting: RHB Caleb Bockmann 0-0: Foul Ball, location: 2F
0-1: Ball
1-1: SINGLE (Groundball, 6S, EV 71.2 MPH) (infield hit)
Batting: LHB Jon Ventura 0-0: Swinging Strike
0-1: Ball
1-1: Fly out, F9 (Flyball, 9S, EV 72.5 MPH)
Batting: RHB Tim Carter 0-0: Called Strike
0-1: Swinging Strike
0-2: Fly out, F8 (Flyball, 8LD, EV 91.9 MPH)
Batting: LHB Marshall Daul 0-0: Called Strike
0-1: Ball
1-1: Called Strike
1-2: Ball
2-2: Strikes out looking
Bottom of the 3rd over - 0 runs, 1 hit, 0 errors, 1 left on base; Southern Maryland 0 - Winnipeg 0
TOP OF THE 4TH
Southern Maryland Blue Crabs batting - Pitching for Winnipeg Goldeyes : LHP Eduardo Lopez
Batting: RHB Jonathan Mendoza 0-0: Called Strike
0-1: Swinging Strike
0-2: Strikes out swinging
Batting: LHB Xue-liang Zhou 0-0: Fly out, F9 (Flyball, 9S, EV 95.6 MPH)
Batting: RHB Minoru Matsumoto 0-0: Called Strike
0-1: Ball
1-1: Ball
2-1: Called Strike
2-2: Strikes out swinging
Top of the 4th over - 0 runs, 0 hits, 0 errors, 0 left on base; Southern Maryland 0 - Winnipeg 0
BOTTOM OF THE 4TH
Winnipeg Goldeyes batting - Pitching for Southern Maryland Blue Crabs : RHP Craig Painter
Batting: RHB Sergio Gomez 0-0: Ball
1-0: Called Strike
1-1: Ball
2-1: Ball
3-1: Base on Balls
Batting: LHB David Ramos 0-0: Called Strike
0-1: Foul Ball, location: 2F
0-2: SINGLE (Groundball, 34, EV 82.5 MPH) (infield hit)
Sergio Gomez to second
Batting: RHB Terry Oetker 0-0: Foul Ball, location: 2F
0-1: SINGLE (Groundball, 56, EV 98.1 MPH)
Sergio Gomez to third
David Ramos to second
Runner from 3rd tries for Home, throw by LF and OUT! 7-2
Pinch Hitting: LHB Shaun Price 0-0: Ball
1-0: Fly out, F8 (Flyball, 8RM, EV 81.9 MPH)
Batting: RHB Hisao Takei 0-0: Ball
1-0: Ball
2-0: Called Strike
2-1: Swinging Strike
2-2: Ball
3-2: Ground out 3-1 (Groundball, 34, EV 104.4 MPH)
Bottom of the 4th over - 0 runs, 2 hits, 0 errors, 2 left on base; Southern Maryland 0 - Winnipeg 0
TOP OF THE 5TH
Southern Maryland Blue Crabs batting - Pitching for Winnipeg Goldeyes : LHP Eduardo Lopez
Now at 1B: Shaun Price
Now in LF: Jon Ventura
Now in CF: Marshall Daul
Batting: RHB Ruben Domingues 0-0: Ground out 6-3 (Groundball, 56, EV 88.8 MPH)
Batting: RHB Simon Van Steenwyk 0-0: Ball
1-0: Ball
2-0: Called Strike
2-1: Ball
3-1: Foul Ball, location: 2F
3-2: Strikes out swinging
Batting: RHB Eddie Morin 0-0: Ball
1-0: Ball
2-0: Foul Ball, location: 2F
2-1: Ball
3-1: Called Strike
3-2: Base on Balls
Batting: RHB Kevin Popowicz 0-0: Ball
1-0: Ball
2-0: Foul Ball, location: 2F
2-1: Ball
3-1: Base on Balls
Eddie Morin to second
Batting: RHB Alfredo Reguera 0-0: Ball
1-0: Swinging Strike
1-1: Swinging Strike
1-2: Ball
2-2: Foul Ball, location: 2F
2-2: Foul Ball, location: 2F
2-2: Ball
Wild Pitch!
Eddie Morin to third
Kevin Popowicz to second
3-2: Fly out, F3 (Line Drive, 3, EV 70.6 MPH)
Top of the 5th over - 0 runs, 0 hits, 0 errors, 2 left on base; Southern Maryland 0 - Winnipeg 0
BOTTOM OF THE 5TH
Winnipeg Goldeyes batting - Pitching for Southern Maryland Blue Crabs : RHP Craig Painter
Batting: RHB Caleb Bockmann 0-0: Ball
1-0: Ball
2-0: Ball
3-0: Called Strike
3-1: Foul Ball, location: 2F
3-2: SINGLE (Line Drive, 56, EV 103.8 MPH)
Batting: LHB Jon Ventura 0-0: Called Strike
Caleb Bockmann is caught stealing 2nd base 2-6
0-1: Called Strike
0-2: Ball
1-2: Ball
2-2: Foul Ball, location: 2F
2-2: Strikes out swinging
Batting: RHB Tim Carter 0-0: Ground out 4-3 (Groundball, 34, EV 79.4 MPH)
Bottom of the 5th over - 0 runs, 1 hit, 0 errors, 0 left on base; Southern Maryland 0 - Winnipeg 0
TOP OF THE 6TH
Southern Maryland Blue Crabs batting - Pitching for Winnipeg Goldeyes : LHP Eduardo Lopez
Batting: RHB Maup Gommers 0-0: Ball
1-0: Ball
2-0: Fly out, F8 (Flyball, 89S, EV 93.1 MPH)
Batting: RHB Jonathan Mendoza 0-0: Fly out, F9 (Flyball, 9S, EV 83.1 MPH)
Batting: LHB Xue-liang Zhou 0-0: Ball
1-0: Called Strike
1-1: Ball
2-1: Foul Ball, location: 2F
2-2: Foul Ball, location: 2F
2-2: Foul Ball, location: 2F
2-2: Ball
3-2: Fly out, F8 (Flyball, 8LD, EV 92.5 MPH)
Top of the 6th over - 0 runs, 0 hits, 0 errors, 0 left on base; Southern Maryland 0 - Winnipeg 0
BOTTOM OF THE 6TH
Winnipeg Goldeyes batting - Pitching for Southern Maryland Blue Crabs : RHP Craig Painter
Batting: LHB Marshall Daul 0-0: Foul Ball, location: 2F
0-1: Ball
1-1: Ball
2-1: Fly out, F9 (Flyball, 9, EV 91.2 MPH)
Batting: RHB Sergio Gomez 0-0: Ball
1-0: Ball
2-0: Ground out 6-3 (Groundball, 6, EV 85.0 MPH)
Batting: LHB David Ramos 0-0: Swinging Strike
0-1: Ball
1-1: Ball
2-1: Foul Ball, location: 2F
2-2: Foul Ball, location: 2F
2-2: Ball
3-2: Fly out, F9 (Flyball, 9, EV 75.6 MPH)
Bottom of the 6th over - 0 runs, 0 hits, 0 errors, 0 left on base; Southern Maryland 0 - Winnipeg 0
TOP OF THE 7TH
Southern Maryland Blue Crabs batting - Pitching for Winnipeg Goldeyes : LHP Eduardo Lopez
Batting: RHB Minoru Matsumoto 0-0: Fly out, F7 (Flyball, 78M, EV 93.1 MPH)
Batting: RHB Ruben Domingues 0-0: SINGLE (Line Drive, 56D, EV 106.9 MPH)
Batting: RHB Simon Van Steenwyk 0-0: Ball
1-0: Ball
2-0: Ball
3-0: Base on Balls
Ruben Domingues to second
Pinch Hitting: SHB Carlos Carrillo 0-0: Foul Ball, location: 2F
0-1: Swinging Strike
0-2: Strikes out looking
Batting: RHB Kevin Popowicz 0-0: Ball
1-0: Foul Ball, location: 2F
1-1: Called Strike
1-2: Foul Ball, location: 2F
1-2: Ball
2-2: Fly out, F9 (Flyball, 9S, EV 83.1 MPH)
Top of the 7th over - 0 runs, 1 hit, 0 errors, 2 left on base; Southern Maryland 0 - Winnipeg 0
BOTTOM OF THE 7TH
Winnipeg Goldeyes batting - Pitching for Southern Maryland Blue Crabs : RHP Craig Painter
Pitching: RHP Harold Price
Now at SS: Ivan Alvarez
Batting: LHB George Roben 0-0: Fly out, F5 (Flyball, 5D, EV 86.2 MPH)
Batting: LHB Shaun Price 0-0: Ball
1-0: Foul Ball, location: 2F
1-1: Ground out 5-3 (Groundball, 56, EV 84.4 MPH)
Batting: RHB Hisao Takei 0-0: Foul Ball, location: 2F
0-1: Ground out 6-3 (Groundball, P, EV 81.9 MPH)
Bottom of the 7th over - 0 runs, 0 hits, 0 errors, 0 left on base; Southern Maryland 0 - Winnipeg 0
TOP OF THE 8TH
Southern Maryland Blue Crabs batting - Pitching for Winnipeg Goldeyes : LHP Eduardo Lopez
Batting: RHB Alfredo Reguera 0-0: Ball
1-0: Ball
2-0: Called Strike
2-1: Foul Ball, location: 2F
2-2: Ball
3-2: Base on Balls
Pitching: RHP Glen Dutton
Batting: RHB Maup Gommers 0-0: Called Strike
0-1: Called Strike
0-2: Foul Ball, location: 2F
0-2: Ball
1-2: Ball
2-2: Foul Ball, location: 2F
2-2: SINGLE (Line Drive, 56, EV 106.9 MPH)
Alfredo Reguera to second
Batting: RHB Jonathan Mendoza 0-0: Called Strike
0-1: Ball
1-1: Fielders Choice at 2nd, 4-6 (Groundball, 4, EV 85.6 MPH)
Alfredo Reguera to third
Batting: LHB Xue-liang Zhou 0-0: Ball
1-0: Foul Ball, location: 2F
1-1: Foul Ball, location: 2F
1-2: Strikes out swinging
Pinch Hitting: LHB Pat Fontana 0-0: Ball
1-0: Swinging Strike
1-1: Foul Ball, location: 2F
1-2: Foul Ball, location: 2F
1-2: Strikes out swinging
Top of the 8th over - 0 runs, 1 hit, 0 errors, 2 left on base; Southern Maryland 0 - Winnipeg 0
BOTTOM OF THE 8TH
Winnipeg Goldeyes batting - Pitching for Southern Maryland Blue Crabs : RHP Harold Price
Now at 1B: Chris Cohen
Batting: RHB Caleb Bockmann 0-0: Called Strike
0-1: Foul Ball, location: 2F
0-2: Ball
1-2: Ball
2-2: Foul Ball, location: 2F
2-2: Foul Ball, location: 2F
2-2: Foul Ball, location: 2F
2-2: SINGLE (Groundball, 56D, EV 105.0 MPH) (infield hit)
Batting: LHB Jon Ventura 0-0: Bunted foul
0-1: Sac Bunt to 13S - play at first, batter OUT! 1-3
Caleb Bockmann to second
Batting: RHB Tim Carter 0-0: Ground out 5-3 (Groundball, 56, EV 81.9 MPH)
Batting: LHB Marshall Daul 0-0: Ball
1-0: Swinging Strike
1-1: Ball
2-1: 2-RUN HOME RUN (Flyball, 9D, EV 99.4 MPH), Distance : 394 ft
Batting: RHB Sergio Gomez 0-0: Ball
1-0: Called Strike
1-1: Ball
2-1: Foul Ball, location: 2F
2-2: Foul Ball, location: 2F
2-2: Ball
3-2: Foul Ball, location: 2F
3-2: SINGLE (Line Drive, 34, EV 105.0 MPH)
Pitching: RHP Rich Hensley
Batting: LHB David Ramos 0-0: Ground out U3 (Groundball, 3L, EV 85.0 MPH)
Bottom of the 8th over - 2 runs, 3 hits, 0 errors, 1 left on base; Southern Maryland 0 - Winnipeg 2
TOP OF THE 9TH
Southern Maryland Blue Crabs batting - Pitching for Winnipeg Goldeyes : RHP Glen Dutton
Pitching: RHP Jason McCaw
Now in LF: Marshall Daul
Now in CF: Chris Bejarano
Batting: RHB Ruben Domingues 0-0: Ball
1-0: Foul Ball, location: 2F
1-1: Swinging Strike
1-2: Strikes out swinging
Batting: RHB Simon Van Steenwyk 0-0: Ball
1-0: Called Strike
1-1: Fly out, F9 (Flyball, 89D, EV 93.8 MPH)
Pinch Hitting: SHB Eric Kelley 0-0: Ball
1-0: Called Strike
1-1: Ball
2-1: Foul Ball, location: 2F
2-2: Strikes out looking
Top of the 9th over - 0 runs, 0 hits, 0 errors, 0 left on base; Southern Maryland 0 - Winnipeg 2
Tuesday, March 28th , 2023 - OOTP Baseball 23.10 Build 110